 Dungeon Crawl Stone Soup version 0.26.1-10-gdfb7c7de75 (webtiles) character file.

Game seed: 9802738460812227570

1962 Chiseanne the Conjurer (level 9, 56/57 HPs)
             Began as a Demonspawn Hedge Wizard on Apr 5, 2021.
             Was an Initiate of Vehumet.
             Quit the game on level 6 of the Dungeon.
             The game lasted 00:18:33 (5828 turns).

Chiseanne the Conjurer (Demonspawn Hedge Wizard)    Turns: 5828, Time: 00:18:34

Health: 56/57      AC: 10    Str: 10    XL:     9   Next: 0%
Magic:  12/16      EV: 12    Int: 19    God:    Vehumet [......]
Gold:   280        SH:  0    Dex: 13    Spells: 12/18 levels left

rFire    . . .     SeeInvis .   a - +5 dagger (vamp)
rCold    + . .     Faith    .   (no shield)
rNeg     . . .     Spirit   +   x - +2 robe {rC+}
rPois    .         Reflect  .   i - +0 helmet of the Catfish {rElec}
rElec    +         Harm     .   z - +0 cloak
rCorr    +         Rampage  .   B - +2 pair of gloves {archery}
Will     .....                  H - +0 pair of boots
Stlth    +++.......             c - amulet of magic regeneration
HPRegen  0.19/turn              j - ring of resist corrosion
MPRegen  0.55/turn              g - ring of stealth

@: no status effects
A: claws 2, talons 1, foul stench 1, magic shield, magic regeneration, miasma
immunity
a: Renounce Religion


You were on level 6 of the Dungeon.
You worshipped Vehumet.
Vehumet was noncommittal.
You visited 2 branches of the dungeon, and saw 7 of its levels.

You collected 280 gold pieces.

Inventory:

Hand Weapons
 a - a +5 vampiric dagger (weapon)
 s - a +3 quarterstaff of chaos
 G - a +1 whip of electrocution
Missiles
 d - 43 bolts
 o - 114 arrows
 r - 56 sling bullets
 w - 4 javelins
 F - 5 boomerangs
Armour
 i - the +0 helmet of the Catfish (worn) {rElec}
   (You found it on level 4 of the Dungeon)

   It insulates you from electricity.
 p - a scarf of resistance
 q - the +1 robe "Veliwivva" {rElec rF+ rN+ Slay-2}
   (You found it on level 4 of the Dungeon)

   It affects your accuracy and damage with ranged weapons and melee attacks
   (-2).
   It protects you from fire.
   It insulates you from electricity.
   It protects you from negative energy.
 x - a +2 robe of cold resistance (worn)
 z - a +0 cloak (worn)
 B - a +2 pair of gloves of archery (worn)
 H - a +0 pair of boots (worn)
Jewellery
 c - an amulet of magic regeneration (around neck)
 g - a ring of stealth (right hand)
 j - a ring of resist corrosion (left hand)
 y - a +6 ring of strength {unknown}
 D - an uncursed amulet of guardian spirit {unknown}
Wands
 C - a wand of flame (17)
Scrolls
 k - a scroll of fog
 m - 2 scrolls of amnesia
 v - 4 scrolls of remove curse
 E - a scroll of teleportation
Potions
 b - 3 potions of flight
 e - 3 potions of curing
 f - 2 potions of brilliance {unknown}
 h - a potion of resistance {unknown}
 l - 2 potions of heal wounds
 n - a potion of mutation {unknown}
 t - 2 potions of berserk rage
 u - a potion of lignification
 A - 3 potions of haste {unknown}


   Skills:
 - Level 1.7 Dodging
 - Level 1.7 Stealth
 * Level 5.0 Spellcasting
 * Level 6.9 Conjurations
 - Level 1.0 Summonings
 - Level 0.8 Translocations
 * Level 5.8 Air Magic
 - Level 5.0 Poison Magic


You had 12 spell levels left.
You knew the following spells:

 Your Spells              Type           Power        Failure   Level
a - Magic Dart            Conj           100%         1%          1
b - Blink                 Tloc           N/A          13%         2
d - Mephitic Cloud        Conj/Pois/Air  27%          3%          3

Your spell library contained the following spells:

 Spells                   Type           Power        Failure   Level
 Conjure Flame            Conj/Fire      17%          9%          3
 Call Imp                 Summ           8%           12%         2
 Slow                     Hex            4%           19%         2


Dungeon Overview and Level Annotations

Branches:
Dungeon (6/15)             Temple (1/1) D:6

Altars:
Ashenzari
Cheibriados
Dithmenos
Elyvilon
Fedhas
Gozag
Hepliaklqana
Makhleb
Nemelex Xobeh
Okawaru
Qazlal
Ru
Sif Muna
Trog
Uskayaw
Vehumet
Wu Jian
Xom
Yredelemnul
Zin


Innate Abilities, Weirdness & Mutations

You have very sharp fingernails.
You have sharp toenails.
You may emit foul miasma when damaged in melee.
When hurt, damage is shared between your health and your magic reserves.
You regenerate magic rapidly.
You are immune to miasma.


Message History

The magic dart hits the jelly.
The jelly is almost dead.
The jelly jiggles.
The jelly misses you.
Casting: Magic Dart (safe; 1% risk of failure)
Confirm with . or Enter, or press ? or * to list all spells.
Aiming: Magic Dart (safe; 1% risk of failure)
Press: ? - help, Shift-Dir - straight line, f/p - jelly
Aim: a jelly (almost dead, 0% to evade)
The magic dart hits the jelly.
You kill the jelly!
Vehumet accepts your kill.
Your life force feels restored.
You have reached level 9!
Your experience leads to an increase in your attributes!
Increase (s)trength, (i)ntelligence, or (d)exterity?
You feel clever.
Your demonic ancestry asserts itself...
You begin to emit a foul stench of rot and decay.
An orc is nearby!
Are you sure you want to abandon this character and quit the game? (Confirm with "yes".)

.......<.
#o.........
......... ##.
...... #... .P.P
....###.####
#.P#...#.#####)>#
#....>...........
##P#@..#..####.#
#####.##.####..#.
....P............
......#.#####..#
#######.##.....#
#.......#
#..รท..###
##.....#
##..#..##


You could see an orc (asleep).

Vanquished Creatures
  Pikel (D:5)
  Sigmund (D:3)
  Duvessa (D:5)
  3 ice beasts (D:5)
  3 centaurs (D:5)
  A lemure (D:5)
  A necrophage (D:5)
  Blork the orc (D:5)
  Dowan (D:5)
  A scorpion (D:5)
  3 wights (D:6)
  Crazy Yiuf (D:3)
  2 jellies (D:6)
  A centaur skeleton (D:5)
  Jessica (D:3)
  An orc wizard (D:4)
  2 worker ants
  A killer bee zombie (D:5)
  4 gnolls (D:3)
  9 adders
  4 river rats (D:5)
  An ufetubus (D:6)
  2 oozes (D:2)
  An adder zombie (D:5)
  4 worms
  2 adder skeletons
  3 dart slugs
  4 leopard geckos
  10 orcs
  3 ball pythons
  5 bats
  5 giant cockroaches
  9 goblins
  4 hobgoblins
  5 quokkas
  A ball python zombie (D:5)
  4 frilled lizards
  6 kobolds
  5 rats
117 creatures vanquished.

Vanquished Creatures (others)
  3 plants (D:6)
3 creatures vanquished.

Grand Total: 120 creatures vanquished

Notes
Turn   | Place    | Note
-------+----------+-------------------------------------------
     0 | D:1      | Chiseanne the Demonspawn Hedge Wizard began the quest for
                  | the Orb.
     0 | D:1      | Reached XP level 1. HP: 13/13 MP: 4/4
   154 | D:1      | Gained mutation: When hurt, damage is shared between your
                  | health and your magic reserves. [demonic ancestry]
   154 | D:1      | Reached XP level 2. HP: 19/19 MP: 1/6
   894 | D:1      | Reached skill level 2 in Conjurations
  1312 | D:2      | Reached XP level 3. HP: 24/24 MP: 6/8
  1332 | D:2      | Learned a level 2 spell: Blink
  1336 | D:2      | Learned a level 3 spell: Mephitic Cloud
  2051 | D:2      | Reached skill level 1 in Poison Magic
  2256 | D:2      | Gained mutation: You have sharp toenails. [demonic
                  | ancestry]
  2256 | D:2      | Reached XP level 4. HP: 28/30 MP: 5/9
  2466 | D:3      | Reached skill level 1 in Air Magic
  2757 | D:3      | Noticed Sigmund
  2760 | D:3      | Found a snail-covered altar of Cheibriados.
  2856 | D:3      | Reached skill level 3 in Conjurations
  2966 | D:3      | Found a runed translucent door.
  2967 | D:3      | Noticed Crazy Yiuf
  2990 | D:3      | Killed Crazy Yiuf
  2991 | D:3      | Gained mutation: You regenerate magic rapidly. [demonic
                  | ancestry]
  2991 | D:3      | Reached XP level 5. HP: 35/35 MP: 1/10
  3076 | D:3      | Killed Sigmund
  3077 | D:3      | Gained mutation: You have sharp fingernails. [demonic
                  | ancestry]
  3077 | D:3      | Reached XP level 6. HP: 41/41 MP: 9/11
  3297 | D:3      | Noticed Jessica
  3310 | D:3      | Killed Jessica
  3311 | D:3      | Reached skill level 4 in Conjurations
  3424 | D:4      | Got a masterwork helmet
  3440 | D:4      | Identified the +0 helmet of the Catfish {rElec} (You found
                  | it on level 4 of the Dungeon)
  3641 | D:4      | Got a heavy robe
  3690 | D:4      | Identified the +1 robe "Veliwivva" {rElec rF+ rN+ Slay-2}
                  | (You found it on level 4 of the Dungeon)
  3982 | D:5      | Entered Level 5 of the Dungeon
  3982 | D:5      | Noticed Duvessa
  3982 | D:5      | Noticed Dowan
  3993 | D:5      | Gained mutation: You have very sharp fingernails. [demonic
                  | ancestry]
  3993 | D:5      | Reached XP level 7. HP: 32/46 MP: 5/12
  4114 | D:5      | Found a shimmering blue altar of Sif Muna.
  4177 | D:5      | Found a glowing silver altar of Zin.
  4221 | D:5      | Noticed Blork the orc
  4235 | D:5      | Killed Blork the orc
  4395 | D:5      | Reached skill level 5 in Conjurations
  4610 | D:5      | Gained mutation: You are immune to miasma. [demonic
                  | ancestry]
  4610 | D:5      | Reached XP level 8. HP: 52/52 MP: 2/13
  4691 | D:5      | Reached skill level 5 in Poison Magic
  4783 | D:5      | Found a blossoming altar of Fedhas.
  4927 | D:5      | Noticed Pikel
  4971 | D:5      | Killed Pikel
  4972 | D:5      | Reached skill level 6 in Conjurations
  4972 | D:5      | Reached skill level 5 in Air Magic
  5033 | D:5      | Killed Duvessa
  5036 | D:5      | Killed Dowan
  5626 | D:6      | Reached skill level 5 in Spellcasting
  5717 | D:6      | Found a staircase to the Ecumenical Temple.
  5728 | Temple   | Entered the Ecumenical Temple
  5804 | Temple   | Became a worshipper of Vehumet
  5828 | D:6      | Gained mutation: You may emit foul miasma when damaged in
                  | melee. [demonic ancestry]
  5828 | D:6      | Reached XP level 9. HP: 56/57 MP: 12/16
  5828 | D:6      | Quit the game

Illustrated notes

Levels and vault maps discovered:
D:1:      ncdulo_watergridlock, layout_basic, minmay_pentomino_v2
D:2:      layout_loops_cross
D:3:      layout_rooms, old_standard_altar, uniq_jessica, uniq_sigmund,
          uniq_crazy_yiuf_cottage
D:4:      layout_cave_pools
D:5:      layout_loops_cross, lemuel_coloured_pillars_altar,
          overflow_temple_1_default, serial_glass, glass_columns_c,
          glass_columns_b, item_on_display_a, due_unseen_surprise,
          item_on_display_a, item_on_display_b, portal_sewer_entry_e,
          fedhas_bush_and_centaur_altar, uniq_duvessa, uniq_blork_the_orc,
          uniq_pikel
D:6:      layout_rooms, minmay_temple_entry_gardened_gates
Temple:   regret_index_temple_mists

Skill      XL: |  1  2  3  4  5  6  7  8 |
---------------+-------------------------+-----
Conjurations   | 2 3 4 5 6 |  6.9
Poison Magic   | 1 2 3 4 5 |  5.0
Air Magic      | 1 2 3 4 5 |  5.8
Spellcasting   | 5 |  5.0
Dodging        | |  1.7
Stealth        | |  1.7
Summonings     | |  1.0
Translocations | |  0.8

Action                   |  1- 3 |  4- 6 |  7- 9 || total
-------------------------+-------+-------+-------++-------
Melee: Dagger            |    37 |    65 |   128 ||   230
       Kick              |       |    18 |    27 ||    45
 Cast: Magic Dart        |    66 |    72 |   127 ||   265
       Mephitic Cloud    |       |    10 |    17 ||    27
Evoke: Wand              |       |     4 |     4 ||     8
  Use: Scroll            |     8 |     7 |     4 ||    19
       Potion            |       |     1 |       ||     1
 Stab: Sleeping          |     3 |     2 |     3 ||     8
       Paralysed         |       |     8 |    12 ||    20
       Confused          |       |     4 |     8 ||    12
Armor: Robe              |     7 |    19 |    47 ||    73
Dodge: Dodged            |    22 |    35 |    84 ||   141
